 Dungeon Crawl Stone Soup version 0.26-a0-834-g69557b85cc (webtiles) character file.

Game seed: 2885551757570379429

77 robertstho the Firebug (level 4, 0/24 HPs)
             Began as a Deep Elf Fire Elementalist on Nov 16, 2020.
             Slain by an orc
             ... wielding a +0 hand axe
              (7 damage)
             ... on level 2 of the Dungeon.
             The game lasted 00:02:23 (1980 turns).

robertstho the Firebug (Deep Elf Fire Elementalist) Turns: 1980, Time: 00:02:23

Health: 0/24       AC:  2    Str:  5    XL:     4   Next: 14%
Magic:  9/12       EV: 13    Int: 21    God:
Gold:   56         SH:  0    Dex: 15    Spells: 7/11 levels left

rFire    . . .     SeeInvis .   b - +0 mace
rCold    . . .     Faith    .   (no shield)
rNeg     . . .     Spirit   .   a - +0 robe
rPois    .         Reflect  .   (no helmet)
rElec    .         Harm     .   (no cloak)
rCorr    .         Rampage  .   (no gloves)
MR       .....                  (no boots)
Stlth    ++........             (no amulet)
HPRegen  0.08/turn              (no ring)
MPRegen  0.13/turn              (no ring)

@: flying, very slightly contaminated
A: no striking features
a: no special abilities


You were on level 2 of the Dungeon.
You visited 1 branch of the dungeon, and saw 3 of its levels.

You collected 56 gold pieces.

Inventory:

Hand Weapons
 b - a +0 mace (weapon)
Armour
 a - a +0 robe (worn)
Jewellery
 c - an uncursed ring of protection from cold {unknown}
Scrolls
 d - 2 scrolls of identify {unknown}
 f - a scroll of magic mapping {unknown}
 h - a scroll of teleportation {unknown}
 j - a scroll of fear {unknown}
 m - a scroll of blinking {unknown}
 n - a scroll of random uselessness {unknown}
Potions
 e - a potion of flight
 g - a potion of curing {unknown}
 i - a potion of haste {unknown}
 k - a potion of resistance {unknown}
 l - a potion of attraction {unknown}


   Skills:
 + Level 2.5 Dodging
 + Level 2.8 Stealth
 * Level 4.2 Spellcasting
 + Level 1.8 Conjurations
 * Level 4.3 Fire Magic


You had 7 spell levels left.
You knew the following spells:

 Your Spells              Type           Power        Failure   Level
a - Foxfire               Conj/Fire      ###.         3%          1
b - Conjure Flame         Conj/Fire      ###.....     10%         3

Your spell library contained the following spells:

 Spells                   Type           Power        Failure   Level
 Magic Dart               Conj           ##..         5%          1
 Inner Flame              Hex/Fire       ##......     14%         3
 Blink                    Tloc           N/A          19%         2
 Call Imp                 Summ           #.......     19%         2
 Slow                     Hex            #.......     19%         2
 Mephitic Cloud           Conj/Pois/Air  #.......     26%         3
 Sticky Flame             Conj/Fire      ###.....     32%         4
 Fireball                 Conj/Fire      ###.......   67%         5


Dungeon Overview and Level Annotations

Branches:
Dungeon (3/15)

Altars:
Okawaru
Zin


Message History

You hit the orc priest.
The orc priest is lightly wounded.
The foxfire hits the orc priest.
The orc priest is moderately wounded.
The foxfire hits the orc.
The orc is severely wounded.
The orc priest barely misses you. The orc closely misses you.
The orc barely misses you. The orc priest hits you with a +0 club.
* * * LOW HITPOINT WARNING * * *
The orc closely misses you.
Casting: Foxfire (safe; 3% risk of failure)
Confirm with . or Enter, or press ? or * to list all spells.
You miscast Foxfire.
You are very lightly contaminated with residual magic.
Nothing appears to happen.
The orc closely misses you.
The orc priest hits you but does no damage.
It was a potion of flight.
You feel very buoyant.
You fly up into the air.
The orc hits you with a +0 hand axe!
You die...

####.# #P#.#b# #....# #.#.#P###
#### ######....# #.#.#bP.# ...#
#...##....# #.#.#######
##.#####...##....# #.#.......###
#.........####### #P#.#####...#
##.........# #### #.#.#PP.#.#.#
b#.........####.o# #.#.#.###.#.#
##.............o@# #b#.#.# #.#.#
.......)...####.o#####.#####.#.#
##.........# ####.......#.#.#.#
.#.........# #.......#.#.#.#
##......#### #.......†...#.#
#.......# #####÷.....##.###.#
##)#####.#####..........##.....#
...# #...##......##.÷...########
##.# #.##...#######.....#


You could see an orc priest and 2 orcs.

Vanquished Creatures
  An adder (D:2)
  A white imp (D:2)
  An ooze (D:2)
  2 worms (D:2)
  2 dart slugs
  A leopard gecko (D:1)
  2 orcs
  A giant cockroach (D:1)
  4 goblins (D:2)
  3 hobgoblins (D:1)
  4 jackals (D:1)
  3 quokkas (D:2)
  5 bats
  A frilled lizard (D:1)
  7 kobolds
  5 rats
43 creatures vanquished.

Vanquished Creatures (others)
  165 foxfires
  5 toadstools (D:1)
170 creatures vanquished.

Grand Total: 213 creatures vanquished

Notes
Turn   | Place    | Note
-------+----------+-------------------------------------------
     0 | D:1      | robertstho the Deep Elf Fire Elementalist began the quest
                  | for the Orb.
     0 | D:1      | Reached XP level 1. HP: 10/10 MP: 6/6
   212 | D:1      | Reached XP level 2. HP: 15/15 MP: 4/8
   775 | D:1      | Reached XP level 3. HP: 19/19 MP: 6/10
  1154 | D:2      | Found a glowing silver altar of Zin.
  1156 | D:2      | Found an iron altar of Okawaru.
  1433 | D:2      | Learned a level 3 spell: Conjure Flame
  1854 | D:2      | Reached XP level 4. HP: 24/24 MP: 6/12
  1980 | D:2      | Slain by an orc

Illustrated notes

Levels and vault maps discovered:
D:1:      ldierk_walled_garden, layout_rooms
D:2:      layout_basic, lemuel_crystal_altar, okawaru_metal_pillars_3,
          serial_aquarium, aquarium_bridge_straight [aquarium_subvault_bridge,
          aquarium_subvault_wall, aquarium_subvault_bridge,
          aquarium_subvault_wall], aquarium_bridge_square
          [aquarium_subvault_wall, aquarium_subvault_bridge,
          aquarium_subvault_bridge, aquarium_subvault_bridge],
          aquarium_window_double, aquarium_window_corridor_3, aquarium_view_2c,
          aquarium_view_2d, aquarium_pool_double
D:3:      layout_rooms, kiku_gazebo_garden_becter,
          nicolae_overflow_crystal_walls, grunt_ministairs_2,
          nicolae_dithmenos_through_a_glass_darkly, uniq_jessica, uniq_ijyb,
          uniq_natasha

Skill      XL: |  1  2  3 |
---------------+----------+-----
Fire Magic     | 4 |  4.3
Spellcasting   | 4 |  4.2
Dodging        | |  2.5
Stealth        | |  2.8
Conjurations   | |  1.8

Action                   |  1- 3 |  4- 6 || total
-------------------------+-------+-------++-------
Melee: Mace              |     3 |     1 ||     4
 Cast: Foxfire           |    92 |     5 ||    97
  Use: Potion            |       |     1 ||     1
Armor: Robe              |     5 |       ||     5
Dodge: Dodged            |    11 |     8 ||    19

Table legend: (Time is in decaauts)
 A = Elapsed time spent in this place.
 B = Non-inter-level travel time spent in this place.
 C = Inter-level travel time spent in this place.
 D = Time resting spent in this place.
 E = Time spent auto-exploring this place.
 F = Levels seen in this place.
 G = Mean time per level.
                   A        B        C        D        E       F      G
               +--------+--------+--------+--------+--------+-----+--------+
         Total |   1983 |   1888 |     95 |      0 |   1635 |   3 |  661.0 |
       Dungeon |   1983 |   1888 |     95 |      0 |   1635 |   3 |  661.0 |
               +--------+--------+--------+--------+--------+-----+--------+

Top non-repeatable levels by time:
     D:2: 1049 daAuts
     D:1: 929 daAuts
     D:3: 3 daAuts
